 Dungeon Crawl Stone Soup version 0.30-b1-2-g02819fbbbe (webtiles) character file.

Game seed: 14103645194255336174

800 Anon1729 the Trooper (level 7, -16/60 (61) HPs)
             Began as a Minotaur Monk on Aug 25, 2023.
             Demolished by a wight
             ... wielding a +7 battleaxe
              (20 damage)
             ... on level 5 of the Dungeon.
             The game lasted 00:02:17 (4515 turns).

Anon1729 the Trooper (Minotaur Monk)                Turns: 4515, Time: 00:02:18

HP:   -16/60 (61)   AC:  2    Str: 22    XL:     7   Next: 59%
MP:   8/8           EV: 14    Int:  7    God:
Gold: 202           SH:  0    Dex: 14    Spells: 6/6 levels left

rFire   . . .        k - +0 dagger (drain)
rCold   . . .        d - orb {light}
rNeg    . . .        b - +0 robe
rPois   .            (helmet restricted)
rElec   .            (no cloak)
rCorr   .            (no gloves)
SInv    .            (no boots)
Will    .....        q - amulet of the acrobat
Stlth   +            w - +6 ring of strength
HPRegen 0.30/turn    (no ring)
MPRegen 0.11/turn

%: acrobat
@: glowing, lightly drained
A: horns 2, retaliatory headbutt
a: no special abilities


You were on level 5 of the Dungeon.
You visited 1 branch of the dungeon, and saw 5 of its levels.

You collected 202 gold pieces.

Inventory:

Hand Weapons
 a - a +0 short sword
 k - a +0 dagger of draining (weapon)
Armour
 b - a +0 robe (worn)
 d - an orb of light (worn)
Jewellery
 i - a ring of fire
 q - an amulet of the acrobat (around neck)
 w - a +6 ring of strength (left hand)
 z - an amulet of guardian spirit
Wands
 t - a wand of flame (5)
Scrolls
 c - 2 scrolls of enchant weapon {unknown}
 e - 2 scrolls of poison {unknown}
 g - 2 scrolls of identify {unknown}
 h - 2 scrolls of magic mapping {unknown}
 j - 4 scrolls of amnesia {unknown}
 l - 2 scrolls of fear {unknown}
 p - a scroll of teleportation {unknown}
 x - a scroll of vulnerability {unknown}
 y - a scroll of noise {unknown}
Potions
 f - a potion of resistance {unknown}
 m - 2 potions of might {unknown}
 n - 2 potions of flight {unknown}
 o - 2 potions of curing {unknown}
 r - 2 potions of lignification {unknown}
 s - 3 potions of brilliance {unknown}
 u - a potion of heal wounds {unknown}
 v - a potion of attraction {unknown}


   Skills:
 + Level 5.5 Fighting
 + Level 4.9 Short Blades
 + Level 3.8 Armour
 + Level 5.1 Dodging
 + Level 2.9 Stealth
 + Level 3.0 Invocations


You had 6 spell levels left.
You didn't know any spells.
Your spell library contained the following spells:

 Spells                   Type           Power      Damage    Failure   Level
 Summon Small Mammal      Summ           0%         N/A       43%         1
 Call Canine Familiar     Summ           0%         N/A       80%         3
 Summon Guardian Golem    Hex/Summ       0%         N/A       80%         3
 Malign Gateway           Summ/Tloc      0%         N/A       100%        7
 Summon Horrible Things   Summ           0%         N/A       100%        8


Dungeon Overview and Level Annotations

Branches:
Dungeon (5/15)
 Temple: D:4-7

Altars:
Ashenzari
Fedhas

Shops:
D:4 *

Annotations:
D:4 3 runed translucent doors, xelsha's ghost, amateur OgAE


Innate Abilities, Weirdness & Mutations

You have a pair of horns on your head.
You reflexively headbutt those who attack you in melee.


Message History

An orc, an orc priest and a wight come into view.
The orc shouts!
A hound comes into view.
The orc moves out of view.
The orc priest moves out of view.
Things that are here:
a +3 halberd; a +0 robe You catch the helpless wight completely off-guard!
You puncture the wight!
You destroy the wight!
The hound barks!
The wight hits you with a +7 battleaxe!!
You feel drained.
The orc priest shouts!
You hit the wight but do no damage. The wight hits you with a +7 battleaxe!
You are too injured to fight recklessly!
You are too injured to fight recklessly!
You are too injured to fight recklessly!
You are too injured to fight recklessly!
You are too injured to fight recklessly!
You are too injured to fight recklessly!
You are too injured to fight recklessly!
You are too injured to fight recklessly!
You are too injured to fight recklessly!
You are too injured to fight recklessly!
You are too injured to fight recklessly!
You are too injured to fight recklessly!
You are too injured to fight recklessly!
You are too injured to fight recklessly!
You are too injured to fight recklessly!
You are too injured to fight recklessly!
You are too injured to fight recklessly!
You are too injured to fight recklessly!
You hit the wight but do no damage. You barely miss the wight.
The orc priest calls down the wrath of Beogh upon you.
Beogh smites you!
* * * LOW HITPOINT WARNING * * *
An orc priest comes into view. It is wielding a +0 hand axe.
The wight hits you with a +7 battleaxe!!
You die...

#.######8##...#
#
#.............##
#
######........8#
# #........##
#### #.#8###8##
##8## #.### ###
....## #.#
######o#. ....⌠#
#.# #)zo.ho..
....## #.# #@#
##8## #.# #.#
### #.####.#
#......#
#............#
#.############
#. .. ###


You could see a hound, a wight, 2 orc priests and an orc.

Vanquished Creatures
  An ice beast (D:5)
  A black bear (D:4)
  2 wights (D:5)
  A howler monkey (D:5)
  2 gnoll boudas
  A hound (D:3)
  An orc priest (D:3)
  An iguana (D:5)
  Natasha (thrice) (D:2)
  2 orc wizards (D:4)
  8 gnolls (D:5)
  3 adders
  2 ufetubi
  3 worms
  2 dart slugs
  8 orcs
  5 ball pythons
  6 bats
  6 endoplasms
  5 giant cockroaches
  8 goblins
  3 hobgoblins
  6 quokkas
  7 frilled lizards
  5 kobolds
  4 rats
96 creatures vanquished.

Vanquished Creatures (others)
  4 plants (D:5)
4 creatures vanquished.

Grand Total: 100 creatures vanquished

Notes
Turn   | Place    | Note
-------+----------+-------------------------------------------
     0 | D:1      | Anon1729 the Minotaur Monk began the quest for the Orb.
     0 | D:1      | Reached XP level 1. HP: 19/19 MP: 0/0
    70 | D:1      | Reached XP level 2. HP: 23/27 MP: 1/1
   545 | D:1      | Reached skill level 1 in Armour
   588 | D:1      | Reached XP level 3. HP: 33/33 MP: 2/2
  1297 | D:2      | Noticed Natasha
  1304 | D:2      | Killed Natasha
  1305 | D:2      | Reached skill level 1 in Stealth
  1305 | D:2      | Reached skill level 1 in Invocations
  1368 | D:2      | Noticed Natasha
  1374 | D:2      | Killed Natasha
  1375 | D:2      | Reached XP level 4. HP: 38/40 MP: 3/3
  1448 | D:2      | Noticed Natasha
  1457 | D:2      | Killed Natasha
  2077 | D:3      | Reached XP level 5. HP: 18/47 MP: 5/5
  2799 | D:4      | Noticed a black bear
  2810 | D:4      | Killed a black bear
  2811 | D:4      | Reached XP level 6. HP: 45/55 MP: 6/6
  2858 | D:4      | Found a broken altar of Ashenzari.
  2893 | D:4      | Found Xaer's Lightly-Used Armoury.
  2908 | D:4      | Found a runed translucent gate.
  2908 | D:4      | Found a runed translucent gate.
  2908 | D:4      | Found a runed translucent gate.
  2909 | D:4      | Noticed xelsha's ghost (amateur OgAE)
  3437 | D:5      | Entered Level 5 of the Dungeon
  3453 | D:5      | Reached skill level 5 in Fighting
  3709 | D:5      | Found a blossoming altar of Fedhas.
  3874 | D:5      | Reached XP level 7. HP: 23/61 MP: 7/7
  4311 | D:5      | Reached skill level 5 in Dodging
  4515 | D:5      | Demolished by a wight

Illustrated notes

Levels and vault maps discovered:
D:1:      dpeg_arrival_rooms_with_view, layout_loops_corners, minmay_surrounded
D:2:      layout_basic, uniq_natasha
D:3:      layout_basic, hex_tiny
D:4:      layout_cave_pools, mainiacjoe_overflow_24_doors,
          gammafunk_ghost_necromancy, minmay_shop_damaged
D:5:      layout_basic, fedhas_ov_isle_minmay, serial_corexii_hall,
          corexii_hall_statues_i, corexii_hall_statues_u,
          corexii_hall_statues_l, corexii_hall_statues_deadend, minmay_holes

Skill      XL: |  1  2  3  4  5  6  7 |
---------------+----------------------+-----
Armour         | 1 2 3 |  3.8
Fighting       | 4 5 |  5.5
Stealth        | 1 2 |  2.9
Invocations    | 1 2 3 |  3.0
Dodging        | 4 5 |  5.1
Short Blades   | 4 |  4.9

Action                     |  1- 3 |  4- 6 |  7- 9 || total
---------------------------+-------+-------+-------++-------
  Melee: Short sword       |    55 |       |       ||    55
         Headbutt          |    17 |    34 |    15 ||    66
         Dagger            |     7 |   132 |    57 ||   196
    Use: Potion            |     1 |       |       ||     1
   Stab: Sleeping          |     1 |       |       ||     1
         Distracted        |       |       |     1 ||     1
 Armour: Robe              |    11 |    11 |     6 ||    28
  Dodge: Dodged            |    49 |    81 |    36 ||   166
